| TOP OF THE 1ST |
|
Miami (APP) Marlins batting - Pitching for Washington (APP) Nationals : RHP Ivano Galikov
|
|
Pitching: RHP Ivano Galikov
|
|
|
Batting: RHB Jason Thrash
|
0-0: Called Strike 0-1: Foul Ball, location: 2F 0-2: Fly out, F7 (Line Drive, 7, EV 101.3 MPH)
|
|
Batting: RHB Adrian Bocker
|
0-0: Called Strike 0-1: Ball 1-1: Swinging Strike 1-2: Foul Ball, location: 2F 1-2: Ball 2-2: Strikes out swinging
|
|
Batting: RHB Mario Cota
|
0-0: Called Strike 0-1: Foul Ball, location: 2F 0-2: Strikes out looking
|
| Top of the 1st over - 0 runs, 0 hits, 0 errors, 0 left on base; Miami (APP) 0 - Washington (APP) 0 |
| BOTTOM OF THE 1ST |
|
Washington (APP) Nationals batting - Pitching for Miami (APP) Marlins : LHP Mike Wasson
|
|
Pitching: LHP Mike Wasson
|
|
|
Batting: RHB Victor Cintron
|
0-0: Ball 1-0: Foul Ball, location: 2F 1-1: Ball 2-1: Fly out, F5 (Popup, 25F, EV 78.1 MPH)
|
|
Batting: RHB Jim Miske
|
0-0: Ball 1-0: Fly out, F6 (Line Drive, 6, EV 60.6 MPH)
|
|
Batting: LHB Nate Melendez
|
0-0: Called Strike 0-1: Ball 1-1: Ground out 5-3 (Groundball, 56, EV 90.6 MPH)
|
| Bottom of the 1st over - 0 runs, 0 hits, 0 errors, 0 left on base; Miami (APP) 0 - Washington (APP) 0 |
| TOP OF THE 2ND |
|
Miami (APP) Marlins batting - Pitching for Washington (APP) Nationals : RHP Ivano Galikov
|
|
Batting: SHB Matt Moore
|
0-0: Ball 1-0: Ball 2-0: Swinging Strike 2-1: DOUBLE (Line Drive, 8LXD, EV 106.9 MPH)
|
|
Batting: RHB Keith Bennett
|
0-0: Ball 1-0: Ball 2-0: Ball 3-0: Called Strike 3-1: Ground out U3 (Groundball, 34S, EV 79.4 MPH) Matt Moore to third
|
|
Batting: RHB Rick Knoblauch
|
0-0: Called Strike 0-1: Ball 1-1: Ball 2-1: Ground out 5-3 (Groundball, 56, EV 84.4 MPH) Matt Moore scores
|
|
Batting: LHB Gavrilo Brkic
|
0-0: Ball 1-0: Ground out 1-3 (Groundball, 13S, EV 66.9 MPH)
|
| Top of the 2nd over - 1 run, 1 hit, 0 errors, 0 left on base; Miami (APP) 1 - Washington (APP) 0 |
| BOTTOM OF THE 2ND |
|
Washington (APP) Nationals batting - Pitching for Miami (APP) Marlins : LHP Mike Wasson
|
|
Batting: RHB Jon Buscher
|
0-0: Foul Ball, location: 2F 0-1: Ball 1-1: Ball 2-1: Called Strike 2-2: Ball 3-2: Base on Balls
|
|
Batting: RHB Gregg Huddleston
|
0-0: Fly out, F9 (Flyball, 89D, EV 95.6 MPH)
|
|
Batting: RHB Nick Moreno
|
0-0: Reached on error, E5 (Groundball, 56, EV 80.6 MPH) Jon Buscher to second
|
|
Batting: RHB Derek Moran
|
0-0: Ball 1-0: Fly out, F7 (Flyball, 7S, EV 86.9 MPH)
|
|
Batting: SHB Alex Medina
|
0-0: Called Strike 0-1: Swinging Strike 0-2: Ball 1-2: Ball 2-2: Ball 3-2: Foul Ball, location: 2F 3-2: Base on Balls Jon Buscher to third Nick Moreno to second
|
|
Batting: RHB Alex Blanco
|
0-0: Ball 1-0: Foul Ball, location: 2F 1-1: Fly out, F7 (Line Drive, 7, EV 111.3 MPH)
|
| Bottom of the 2nd over - 0 runs, 0 hits, 1 error, 3 left on base; Miami (APP) 1 - Washington (APP) 0 |
| TOP OF THE 3RD |
|
Miami (APP) Marlins batting - Pitching for Washington (APP) Nationals : RHP Ivano Galikov
|
|
Batting: LHB Melvin Castro
|
0-0: Swinging Strike 0-1: Swinging Strike 0-2: Ball 1-2: Foul Ball, location: 2F 1-2: Strikes out swinging
|
|
Batting: LHB Bryan Wedge
|
0-0: Ball 1-0: Called Strike 1-1: Foul Ball, location: 2F 1-2: Strikes out swinging
|
|
Batting: RHB Jason Thrash
|
0-0: Ball 1-0: Called Strike 1-1: Ball 2-1: Foul Ball, location: 2F 2-2: Foul Ball, location: 2F 2-2: Ball 3-2: Strikes out looking
|
| Top of the 3rd over - 0 runs, 0 hits, 0 errors, 0 left on base; Miami (APP) 1 - Washington (APP) 0 |
| BOTTOM OF THE 3RD |
|
Washington (APP) Nationals batting - Pitching for Miami (APP) Marlins : LHP Mike Wasson
|
|
Batting: RHB Victor Cintron
|
0-0: Swinging Strike 0-1: Foul Ball, location: 2F 0-2: Ball 1-2: Foul Ball, location: 2F 1-2: Ball 2-2: Ball 3-2: Foul Ball, location: 2F 3-2: Foul Ball, location: 2F 3-2: Base on Balls
|
|
Batting: RHB Jim Miske
|
0-0: Ball 1-0: Called Strike 1-1: Foul Ball, location: 2F 1-2: Fly out, F8 (Flyball, 8LD, EV 88.8 MPH)
|
|
Batting: LHB Nate Melendez
|
0-0: Foul Ball, location: 2F 0-1: Called Strike 0-2: Strikes out swinging
|
|
Batting: RHB Jon Buscher
|
0-0: Fielders Choice at 2nd, 5-4 (Groundball, 5, EV 106.9 MPH)
|
| Bottom of the 3rd over - 0 runs, 0 hits, 0 errors, 1 left on base; Miami (APP) 1 - Washington (APP) 0 |
| TOP OF THE 4TH |
|
Miami (APP) Marlins batting - Pitching for Washington (APP) Nationals : RHP Ivano Galikov
|
|
Batting: RHB Adrian Bocker
|
0-0: Ball 1-0: Ball 2-0: Called Strike 2-1: Ball 3-1: Foul Ball, location: 2F 3-2: Foul Ball, location: 2F 3-2: Foul Ball, location: 2F 3-2: Strikes out looking
|
|
Batting: RHB Mario Cota
|
0-0: Fly out, F5 (Flyball, 5D, EV 81.3 MPH)
|
|
Batting: SHB Matt Moore
|
0-0: Ball 1-0: Foul Ball, location: 2F 1-1: Called Strike 1-2: Strikes out swinging
|
| Top of the 4th over - 0 runs, 0 hits, 0 errors, 0 left on base; Miami (APP) 1 - Washington (APP) 0 |
| BOTTOM OF THE 4TH |
|
Washington (APP) Nationals batting - Pitching for Miami (APP) Marlins : LHP Mike Wasson
|
|
Batting: RHB Gregg Huddleston
|
0-0: Ground out 2-3 (Groundball, 15S, EV 71.3 MPH)
|
|
Batting: RHB Nick Moreno
|
0-0: Reached on error, E9 (Flyball, 9S, EV 97.5 MPH)
|
|
Batting: RHB Derek Moran
|
0-0: Called Strike 0-1: Reached on error, E6 (Groundball, 6, EV 107.5 MPH) Nick Moreno to second
|
|
Batting: SHB Alex Medina
|
0-0: Grounds into double play, 5-4-3 (Groundball, 5, EV 91.9 MPH)
|
| Bottom of the 4th over - 0 runs, 0 hits, 2 errors, 1 left on base; Miami (APP) 1 - Washington (APP) 0 |
| TOP OF THE 5TH |
|
Miami (APP) Marlins batting - Pitching for Washington (APP) Nationals : RHP Ivano Galikov
|
|
Batting: RHB Keith Bennett
|
0-0: Called Strike 0-1: Foul Ball, location: 2F 0-2: Ball 1-2: Ball 2-2: Strikes out swinging
|
|
Batting: RHB Rick Knoblauch
|
0-0: Called Strike 0-1: Ball 1-1: Swinging Strike 1-2: Ball 2-2: Fly out, F7 (Line Drive, 7D, EV 86.3 MPH)
|
|
Batting: LHB Gavrilo Brkic
|
0-0: Called Strike 0-1: Swinging Strike 0-2: Ball 1-2: Strikes out looking
|
| Top of the 5th over - 0 runs, 0 hits, 0 errors, 0 left on base; Miami (APP) 1 - Washington (APP) 0 |
| BOTTOM OF THE 5TH |
|
Washington (APP) Nationals batting - Pitching for Miami (APP) Marlins : LHP Mike Wasson
|
|
Batting: RHB Alex Blanco
|
0-0: Ball 1-0: DOUBLE (Line Drive, 8LD, EV 101.3 MPH)
|
|
Batting: RHB Victor Cintron
|
0-0: Ball 1-0: Foul Ball, location: 2F 1-1: Ball 2-1: Foul Ball, location: 2F 2-2: Foul Ball, location: 2F 2-2: Strikes out swinging passed ball, reaches first! Alex Blanco to third
|
|
Batting: RHB Jim Miske
|
0-0: Ball 1-0: Called Strike 1-1: Called Strike 1-2: Grounds into double play, 6-4-3 (Groundball, 6, EV 89.4 MPH) Alex Blanco scores
|
|
Batting: LHB Nate Melendez
|
0-0: Ball 1-0: Ball 2-0: Ball 3-0: Called Strike 3-1: Swinging Strike 3-2: Ground out 1-3 (Groundball, 15S, EV 65.0 MPH)
|
| Bottom of the 5th over - 1 run, 1 hit, 0 errors, 0 left on base; Miami (APP) 1 - Washington (APP) 1 |
| TOP OF THE 6TH |
|
Miami (APP) Marlins batting - Pitching for Washington (APP) Nationals : RHP Ivano Galikov
|
|
Pitching: RHP John Kovach
|
|
|
Batting: LHB Melvin Castro
|
0-0: Ball 1-0: Called Strike 1-1: Called Strike 1-2: Fly out, F4 (Line Drive, 4, EV 69.4 MPH)
|
|
Batting: LHB Bryan Wedge
|
0-0: Called Strike 0-1: Called Strike 0-2: Foul Ball, location: 2F 0-2: Ball 1-2: Strikes out swinging
|
|
Batting: RHB Jason Thrash
|
0-0: Ball 1-0: Called Strike 1-1: SINGLE (Groundball, 56D, EV 103.8 MPH)
|
|
Batting: RHB Adrian Bocker
|
0-0: Called Strike 0-1: Ground out 5-3 (Groundball, 56, EV 103.8 MPH)
|
| Top of the 6th over - 0 runs, 1 hit, 0 errors, 1 left on base; Miami (APP) 1 - Washington (APP) 1 |
| BOTTOM OF THE 6TH |
|
Washington (APP) Nationals batting - Pitching for Miami (APP) Marlins : LHP Mike Wasson
|
|
Batting: RHB Jon Buscher
|
0-0: Called Strike 0-1: Ball 1-1: Ball 2-1: Ball 3-1: Base on Balls
|
|
Batting: RHB Gregg Huddleston
|
0-0: Called Strike 0-1: Ball 1-1: Foul Ball, location: 2F 1-2: Hit by Pitch Jon Buscher to second
|
|
Batting: RHB Nick Moreno
|
0-0: Called Strike 0-1: Swinging Strike 0-2: DOUBLE (Line Drive, 7LM, EV 110.0 MPH) Jon Buscher scores Gregg Huddleston to third
|
|
Batting: RHB Derek Moran
|
0-0: Called Strike 0-1: Fly out, F3 (Line Drive, 3, EV 67.5 MPH)
|
|
Batting: SHB Alex Medina
|
0-0: Intentional Walk
|
|
Batting: RHB Alex Blanco
|
0-0: Ball 1-0: Called Strike 1-1: Swinging Strike 1-2: Strikes out swinging
|
|
Batting: RHB Victor Cintron
|
0-0: Foul Ball, location: 2F 0-1: Ball 1-1: Fly out, F7 (Flyball, 7S, EV 88.8 MPH)
|
| Bottom of the 6th over - 1 run, 1 hit, 0 errors, 3 left on base; Miami (APP) 1 - Washington (APP) 2 |
| TOP OF THE 7TH |
|
Miami (APP) Marlins batting - Pitching for Washington (APP) Nationals : RHP John Kovach
|
|
Pitching: RHP Brian Walker
|
|
|
Batting: RHB Mario Cota
|
0-0: Ball 1-0: Foul Ball, location: 2F 1-1: Foul Ball, location: 2F 1-2: Ground out 6-3 (Groundball, 6, EV 83.8 MPH)
|
|
Batting: SHB Matt Moore
|
0-0: Ball 1-0: Ball 2-0: Ball 3-0: Base on Balls
|
|
Batting: RHB Keith Bennett
|
0-0: Called Strike 0-1: Ball 1-1: Swinging Strike 1-2: Foul Ball, location: 2F 1-2: Foul Ball, location: 2F 1-2: Strikes out swinging
|
|
Batting: RHB Rick Knoblauch
|
0-0: Ball 1-0: Called Strike 1-1: Ball 2-1: Foul Ball, location: 2F 2-2: Strikes out swinging
|
| Top of the 7th over - 0 runs, 0 hits, 0 errors, 1 left on base; Miami (APP) 1 - Washington (APP) 2 |
| BOTTOM OF THE 7TH |
|
Washington (APP) Nationals batting - Pitching for Miami (APP) Marlins : LHP Mike Wasson
|
|
Batting: RHB Jim Miske
|
0-0: Ball 1-0: Called Strike 1-1: Ball 2-1: Called Strike 2-2: Ball 3-2: Base on Balls
|
|
Batting: LHB Nate Melendez
|
0-0: Ball Jim Miske is caught stealing 2nd base 2-6 1-0: Ball 2-0: Ball 3-0: Base on Balls
|
|
Pitching: RHP Matt Alexander
|
|
|
Batting: RHB Jon Buscher
|
0-0: Ball 1-0: Ball 2-0: Called Strike Nate Melendez steals 2nd base 2-1: Foul Ball, location: 2F 2-2: Ball 3-2: Fly out, F8 (Flyball, 8RM, EV 75.0 MPH)
|
|
Batting: RHB Gregg Huddleston
|
0-0: Ball 1-0: Called Strike 1-1: Ball 2-1: Called Strike 2-2: Foul Ball, location: 2F 2-2: Ball 3-2: Base on Balls
|
|
Batting: RHB Nick Moreno
|
0-0: Ball Nate Melendez steals 3rd base 1-0: Ball 2-0: DOUBLE (Line Drive, 8LD, EV 89.4 MPH) Nate Melendez scores Gregg Huddleston to third Runner from 3rd tries for Home, SAFE, no throw by CF
|
|
Batting: RHB Derek Moran
|
0-0: Fly out, F8 (Flyball, 8RXD, EV 83.8 MPH)
|
| Bottom of the 7th over - 2 runs, 1 hit, 0 errors, 1 left on base; Miami (APP) 1 - Washington (APP) 4 |
| TOP OF THE 8TH |
|
Miami (APP) Marlins batting - Pitching for Washington (APP) Nationals : RHP Brian Walker
|
|
Pitching: RHP Halewijn Bos
|
|
|
Batting: LHB Gavrilo Brkic
|
0-0: Called Strike 0-1: Ground out 6-3 (Groundball, 6S, EV 87.5 MPH)
|
|
Batting: LHB Melvin Castro
|
0-0: Fly out, F9 (Flyball, 9LM, EV 85.0 MPH)
|
|
Batting: LHB Bryan Wedge
|
0-0: Swinging Strike 0-1: Swinging Strike 0-2: Strikes out swinging
|
| Top of the 8th over - 0 runs, 0 hits, 0 errors, 0 left on base; Miami (APP) 1 - Washington (APP) 4 |
| BOTTOM OF THE 8TH |
|
Washington (APP) Nationals batting - Pitching for Miami (APP) Marlins : RHP Matt Alexander
|
|
Batting: SHB Alex Medina
|
0-0: Foul Ball, location: 2F 0-1: Fly out, F8 (Flyball, 8LXD, EV 90.0 MPH)
|
|
Batting: RHB Alex Blanco
|
0-0: Called Strike 0-1: Ball 1-1: Foul Ball, location: 2F 1-2: Foul Ball, location: 2F 1-2: Ball 2-2: Ball 3-2: SOLO HOME RUN (Flyball, 89XD, EV 105.0 MPH), Distance : 393 ft
|
|
Batting: RHB Victor Cintron
|
0-0: Ball 1-0: Called Strike 1-1: Foul Ball, location: 2F 1-2: Ball 2-2: Ball 3-2: Base on Balls
|
|
Batting: RHB Jim Miske
|
0-0: Ball Victor Cintron steals 2nd base 1-0: Called Strike 1-1: 2-RUN HOME RUN (Flyball, 9LD, EV 92.5 MPH), Distance : 333 ft
|
|
Batting: LHB Nate Melendez
|
0-0: SOLO HOME RUN (Flyball, 89XD, EV 99.4 MPH), Distance : 393 ft
|
|
Batting: RHB Jon Buscher
|
0-0: Swinging Strike 0-1: Ball 1-1: Fly out, F4 (Flyball, 34D, EV 90.6 MPH)
|
|
Batting: RHB Gregg Huddleston
|
0-0: Ball 1-0: Called Strike 1-1: Ball 2-1: Foul Ball, location: 2F 2-2: Strikes out looking
|
| Bottom of the 8th over - 4 runs, 3 hits, 0 errors, 0 left on base; Miami (APP) 1 - Washington (APP) 8 |
| TOP OF THE 9TH |
|
Miami (APP) Marlins batting - Pitching for Washington (APP) Nationals : RHP Halewijn Bos
|
|
Batting: RHB Jason Thrash
|
0-0: Ground out 6-3 (Groundball, 6, EV 80.6 MPH)
|
|
Batting: RHB Adrian Bocker
|
0-0: Called Strike 0-1: Called Strike 0-2: Strikes out swinging
|
|
Batting: RHB Mario Cota
|
0-0: Called Strike 0-1: Foul Ball, location: 2F 0-2: Foul Ball, location: 2F 0-2: Ball 1-2: SOLO HOME RUN (Line Drive, 7D, EV 105.6 MPH), Distance : 409 ft
|
|
Batting: SHB Matt Moore
|
0-0: Ball 1-0: Called Strike 1-1: Swinging Strike 1-2: Ball 2-2: Ball 3-2: Foul Ball, location: 2F 3-2: Base on Balls
|
|
Batting: RHB Keith Bennett
|
0-0: Ground out 5-3 (Groundball, 56S, EV 68.1 MPH)
|
| Top of the 9th over - 1 run, 1 hit, 0 errors, 1 left on base; Miami (APP) 2 - Washington (APP) 8 |
|